PL
PORTLAND EVERGREENS @ ST. LOUIS COEUR
09/25/2042
 
TOP OF THE 1ST
Portland Evergreens batting - Pitching for St. Louis Coeur : LHP Kevin Nogilny
Pitching: LHP Kevin Nogilny
Batting: RHB Richard Jost 0-0: Ball
1-0: Called Strike
1-1: SOLO HOME RUN (Flyball, 9D, EV 100.0 MPH), Distance : 387 ft
Batting: LHB Fernando Soto 0-0: Ball
1-0: Ball
2-0: Swinging Strike
2-1: Called Strike
2-2: Foul Ball, location: 2F
2-2: Foul Ball, location: 2F
2-2: Strikes out swinging
Batting: RHB Kameron Guangorena 0-0: Ball
1-0: Ball
2-0: Ball
3-0: Base on Balls
Batting: RHB David Milliken 0-0: Ball
1-0: Swinging Strike
1-1: Called Strike
1-2: Ball
2-2: Strikes out swinging
Batting: RHB Karl Blanke 0-0: SINGLE (Flyball, 78M, EV 100.6 MPH)
Kameron Guangorena to second
Batting: SHB Tetsu Matsumoto 0-0: Ball
Pickoff Throw to Second - Error! E1
Kameron Guangorena to third
Karl Blanke to second
1-0: Called Strike
1-1: Swinging Strike
1-2: Foul Ball, location: 2F
1-2: Strikes out swinging
Top of the 1st over - 1 run, 2 hits, 1 error, 2 left on base; Portland 1 - St. Louis 0
BOTTOM OF THE 1ST
St. Louis Coeur batting - Pitching for Portland Evergreens : LHP Gerald Orlebar
Pitching: LHP Gerald Orlebar
Batting: RHB Nobuhisa Murakami 0-0: Called Strike
0-1: Ball
1-1: Foul Ball, location: 2F
1-2: Fly out, F3 (Line Drive, 3, EV 70.0 MPH)
Batting: RHB Guillermo Coss 0-0: Ball
1-0: Fly out, F8 (Line Drive, 8RM, EV 99.4 MPH)
Batting: LHB Qing-nian Zexian 0-0: Ball
1-0: Ball
2-0: Called Strike
2-1: SINGLE (Groundball, 56D, EV 110.6 MPH)
Batting: RHB Jaime Soto Pickoff Throw to First - Out! 1-3
Bottom of the 1st over - 0 runs, 1 hit, 0 errors, 0 left on base; Portland 1 - St. Louis 0
TOP OF THE 2ND
Portland Evergreens batting - Pitching for St. Louis Coeur : LHP Kevin Nogilny
Batting: RHB Dylan Stavely 0-0: Ball
1-0: Ball
2-0: Foul Ball, location: 2F
2-1: Ball
3-1: Foul Ball, location: 2F
3-2: Strikes out swinging
Batting: LHB Leonid Machehin 0-0: Ball
1-0: Fly out, F2 (Popup, 2LF, EV 94.4 MPH)
Batting: RHB Gabriel Luzuriaga 0-0: Ball
1-0: Called Strike
1-1: Ball
2-1: Fly out, F8 (Flyball, 8RD, EV 103.1 MPH)
Top of the 2nd over - 0 runs, 0 hits, 0 errors, 0 left on base; Portland 1 - St. Louis 0
BOTTOM OF THE 2ND
St. Louis Coeur batting - Pitching for Portland Evergreens : LHP Gerald Orlebar
Batting: RHB Jaime Soto 0-0: Called Strike
0-1: Ball
1-1: Foul Ball, location: 2F
1-2: Ball
2-2: Ball
3-2: SINGLE (Line Drive, 8LS, EV 103.8 MPH)
Batting: LHB Jae-seop Byeon 0-0: Ball
1-0: Called Strike
1-1: Foul Ball, location: 2F
1-2: Grounds into double play, 6-4-3 (Groundball, 6M, EV 104.4 MPH)
Batting: RHB Ik-jun Cho 0-0: Foul Ball, location: 2F
0-1: Ball
1-1: Swinging Strike
1-2: Strikes out swinging
Bottom of the 2nd over - 0 runs, 1 hit, 0 errors, 0 left on base; Portland 1 - St. Louis 0
TOP OF THE 3RD
Portland Evergreens batting - Pitching for St. Louis Coeur : LHP Kevin Nogilny
Batting: RHB Richard Jost 0-0: Called Strike
0-1: Ball
1-1: SINGLE (Line Drive, 8RS, EV 97.5 MPH)
Batting: LHB Fernando Soto 0-0: Ball
1-0: Foul Ball, location: 2F
1-1: Called Strike
1-2: Fly out, F7 (Line Drive, 7, EV 101.2 MPH)
Batting: RHB Kameron Guangorena 0-0: DOUBLE (Line Drive, 9LS, EV 101.9 MPH)
Richard Jost to third
Runner from 3rd tries for Home, SAFE, throw by RF to trailing runner, OUT at third! 9-4-5
Batting: RHB David Milliken 0-0: Ground out U3 (Groundball, 3S, EV 74.4 MPH)
Top of the 3rd over - 1 run, 2 hits, 0 errors, 0 left on base; Portland 2 - St. Louis 0
BOTTOM OF THE 3RD
St. Louis Coeur batting - Pitching for Portland Evergreens : LHP Gerald Orlebar
Batting: RHB Miguel Contreras 0-0: Called Strike
0-1: Ball
1-1: Ball
2-1: Foul Ball, location: 2F
2-2: Ground out 1-3 (Groundball, 13S, EV 67.5 MPH)
Batting: RHB Joel Iyiegbuniwe 0-0: Foul Ball, location: 2F
0-1: SINGLE (Line Drive, 9S, EV 91.2 MPH)
Batting: RHB Olaf Esveld 0-0: Foul Ball, location: 2F
0-1: SINGLE (Groundball, 6MD, EV 96.9 MPH)
Joel Iyiegbuniwe to second
Runner from 2nd tries for 3rd, SAFE, throw by CF made to third
Batting: RHB Nobuhisa Murakami 0-0: Ball
1-0: Foul Ball, location: 2F
1-1: SINGLE (Groundball, 56D, EV 95.6 MPH)
Joel Iyiegbuniwe scores
Olaf Esveld to second
Batting: RHB Guillermo Coss 0-0: Foul Ball, location: 2F
0-1: Called Strike
0-2: Ball
1-2: Foul Ball, location: 2F
1-2: Grounds into double play, 3-6-3 (Groundball, 34, EV 88.1 MPH)
Bottom of the 3rd over - 1 run, 3 hits, 0 errors, 1 left on base; Portland 2 - St. Louis 1
TOP OF THE 4TH
Portland Evergreens batting - Pitching for St. Louis Coeur : LHP Kevin Nogilny
Batting: RHB Karl Blanke 0-0: Foul Ball, location: 2F
0-1: SINGLE (Groundball, 34D, EV 94.4 MPH)
Batting: SHB Tetsu Matsumoto 0-0: Ball
1-0: Ball
2-0: Swinging Strike
2-1: Foul Ball, location: 2F
2-2: Strikes out looking
Batting: RHB Dylan Stavely 0-0: Foul Ball, location: 2F
0-1: SINGLE (Line Drive, 89M, EV 98.8 MPH)
Karl Blanke to second
Batting: LHB Leonid Machehin 0-0: Ball
1-0: Called Strike
1-1: Foul Ball, location: 2F
1-2: Grounds into double play, 4-6-3 (Groundball, 4, EV 79.4 MPH)
Top of the 4th over - 0 runs, 2 hits, 0 errors, 1 left on base; Portland 2 - St. Louis 1
BOTTOM OF THE 4TH
St. Louis Coeur batting - Pitching for Portland Evergreens : LHP Gerald Orlebar
Batting: LHB Qing-nian Zexian 0-0: Swinging Strike
0-1: Ball
1-1: Ball
2-1: Ball
3-1: Called Strike
3-2: SINGLE (Line Drive, 56D, EV 95.6 MPH)
Batting: RHB Jaime Soto 0-0: Fly out, F8 (Flyball, 8RD, EV 110.0 MPH)
Batting: LHB Jae-seop Byeon 0-0: Ball
1-0: SINGLE (Flyball, 7LS, EV 88.8 MPH)
Qing-nian Zexian to second
Batting: RHB Ik-jun Cho 0-0: Fielders Choice at 2nd, 6-4 (Groundball, 6, EV 80.6 MPH)
Qing-nian Zexian to third
Batting: RHB Miguel Contreras 0-0: Fielders Choice at 2nd, 5-4 (Groundball, 56, EV 98.1 MPH)
Bottom of the 4th over - 0 runs, 2 hits, 0 errors, 2 left on base; Portland 2 - St. Louis 1
TOP OF THE 5TH
Portland Evergreens batting - Pitching for St. Louis Coeur : LHP Kevin Nogilny
Batting: RHB Gabriel Luzuriaga 0-0: Called Strike
0-1: Ground out 3-1 (Groundball, 34, EV 103.8 MPH)
Batting: RHB Richard Jost 0-0: Foul Ball, location: 2F
0-1: Called Strike
0-2: Ball
1-2: Foul Ball, location: 2F
1-2: Ball
2-2: Ball
3-2: Ground out 5-3 (Groundball, 5, EV 81.9 MPH)
Batting: LHB Fernando Soto 0-0: Foul Ball, location: 2F
0-1: Ball
1-1: SINGLE (Groundball, 6D, EV 96.9 MPH)
Batting: RHB Kameron Guangorena 0-0: Called Strike
0-1: SINGLE (Groundball, 6MD, EV 98.1 MPH)
Fernando Soto to second
Runner from 2nd tries for 3rd, SAFE, no throw by CF
Batting: RHB David Milliken 0-0: Ball
1-0: Ball
2-0: Ball
3-0: Called Strike
3-1: Ground out 6-3 (Groundball, 6S, EV 89.4 MPH)
Top of the 5th over - 0 runs, 2 hits, 0 errors, 2 left on base; Portland 2 - St. Louis 1
BOTTOM OF THE 5TH
St. Louis Coeur batting - Pitching for Portland Evergreens : LHP Gerald Orlebar
Batting: RHB Joel Iyiegbuniwe 0-0: Ball
1-0: Ball
2-0: Reached on error, E6 (Groundball, 6, EV 107.5 MPH)
Batting: RHB Olaf Esveld 0-0: Ball
1-0: Bunted foul
1-1: Sac Bunt to 15 - play at first, batter OUT! 1-4
Joel Iyiegbuniwe to second
Batting: RHB Nobuhisa Murakami 0-0: Foul Ball, location: 2F
0-1: Called Strike
Joel Iyiegbuniwe is caught stealing 3rd base 2-5
0-2: Ground out 2-3 (Groundball, 13S, EV 64.4 MPH)
Bottom of the 5th over - 0 runs, 0 hits, 1 error, 0 left on base; Portland 2 - St. Louis 1
TOP OF THE 6TH
Portland Evergreens batting - Pitching for St. Louis Coeur : LHP Kevin Nogilny
Batting: RHB Karl Blanke 0-0: Called Strike
0-1: Foul Ball, location: 2F
0-2: Strikes out swinging
Batting: SHB Tetsu Matsumoto 0-0: Called Strike
0-1: Swinging Strike
0-2: SOLO HOME RUN (Flyball, 7D, EV 100.6 MPH), Distance : 395 ft
Batting: RHB Dylan Stavely 0-0: DOUBLE (Line Drive, 78D, EV 101.2 MPH)
Batting: LHB Leonid Machehin 0-0: Swinging Strike
0-1: Swinging Strike
0-2: Strikes out swinging
Batting: RHB Gabriel Luzuriaga 0-0: Ball
1-0: Foul Ball, location: 2F
1-1: SINGLE (Groundball, 56D, EV 97.5 MPH)
Dylan Stavely to third
Throwing error, E7
Dylan Stavely scores
Gabriel Luzuriaga to second
Batting: RHB Richard Jost 0-0: Called Strike
0-1: Foul Ball, location: 2F
0-2: Ball
1-2: Ball
2-2: Strikes out swinging, 2-3 out at first.
Top of the 6th over - 2 runs, 3 hits, 1 error, 1 left on base; Portland 4 - St. Louis 1
BOTTOM OF THE 6TH
St. Louis Coeur batting - Pitching for Portland Evergreens : LHP Gerald Orlebar
Batting: RHB Guillermo Coss 0-0: Ball
1-0: Ground out 6-3 (Groundball, 6, EV 88.1 MPH)
Batting: LHB Qing-nian Zexian 0-0: Called Strike
0-1: Called Strike
0-2: Ball
1-2: Foul Ball, location: 2F
1-2: Ball
2-2: Ball
3-2: Ground out 1-3 (Groundball, 13S, EV 70.6 MPH)
Batting: RHB Jaime Soto 0-0: Called Strike
0-1: Ball
1-1: Foul Ball, location: 2F
1-2: Foul Ball, location: 2F
1-2: Foul Ball, location: 2F
1-2: Foul Ball, location: 2F
1-2: Fly out, F8 (Flyball, 8RD, EV 103.8 MPH)
Bottom of the 6th over - 0 runs, 0 hits, 0 errors, 0 left on base; Portland 4 - St. Louis 1
TOP OF THE 7TH
Portland Evergreens batting - Pitching for St. Louis Coeur : LHP Kevin Nogilny
Pitching: RHP Marcel Bloemheuvel
Batting: LHB Fernando Soto 0-0: Ball
1-0: SINGLE (Groundball, 3D, EV 104.4 MPH)
Batting: RHB Kameron Guangorena 0-0: Called Strike
0-1: Foul Ball, location: 2F
0-2: Strikes out swinging
Batting: RHB David Milliken 0-0: Ball
1-0: Ball
2-0: Ball
3-0: Called Strike
3-1: Base on Balls
Fernando Soto to second
Batting: RHB Karl Blanke 0-0: Foul Ball, location: 2F
0-1: Ball
1-1: Called Strike
1-2: Ball
2-2: Strikes out swinging
Batting: SHB Tetsu Matsumoto 0-0: Ball
1-0: Ball
2-0: Called Strike
2-1: Ball
3-1: Ground out 6-3 (Groundball, 6S, EV 65.6 MPH)
Top of the 7th over - 0 runs, 1 hit, 0 errors, 2 left on base; Portland 4 - St. Louis 1
BOTTOM OF THE 7TH
St. Louis Coeur batting - Pitching for Portland Evergreens : LHP Gerald Orlebar
Batting: LHB Jae-seop Byeon 0-0: Called Strike
0-1: Ball
1-1: Swinging Strike
1-2: Foul Ball, location: 2F
1-2: SINGLE (Line Drive, 4MD, EV 99.4 MPH)
Batting: RHB Ik-jun Cho 0-0: Swinging Strike
0-1: Ball
1-1: Fly out, F9 (Flyball, 9, EV 81.2 MPH)
Batting: RHB Miguel Contreras 0-0: Ball
1-0: Called Strike
1-1: Fly out, F3 (Popup, 3F, EV 65.0 MPH)
Pitching: RHP Ron Rouse
Batting: RHB Joel Iyiegbuniwe 0-0: TRIPLE (Flyball, 78XD, EV 91.9 MPH)
Jae-seop Byeon scores
Batting: RHB Olaf Esveld 0-0: Ball
1-0: Called Strike
1-1: Ball
2-1: Foul Ball, location: 2F
2-2: Foul Ball, location: 2F
2-2: Foul Ball, location: 2F
2-2: Fly out, F9 (Flyball, 9D, EV 78.8 MPH)
Bottom of the 7th over - 1 run, 2 hits, 0 errors, 1 left on base; Portland 4 - St. Louis 2
TOP OF THE 8TH
Portland Evergreens batting - Pitching for St. Louis Coeur : RHP Marcel Bloemheuvel
Batting: RHB Dylan Stavely 0-0: Called Strike
0-1: Called Strike
0-2: Ball
1-2: Ball
2-2: Foul Ball, location: 2F
2-2: Strikes out looking
Pitching: RHP Jasper Kirby
Batting: LHB Leonid Machehin 0-0: Called Strike
0-1: Swinging Strike
0-2: Ball
1-2: Strikes out swinging
Batting: RHB Gabriel Luzuriaga 0-0: Swinging Strike
0-1: Ground out 6-3 (Groundball, 4M, EV 101.9 MPH)
Top of the 8th over - 0 runs, 0 hits, 0 errors, 0 left on base; Portland 4 - St. Louis 2
BOTTOM OF THE 8TH
St. Louis Coeur batting - Pitching for Portland Evergreens : RHP Ron Rouse
Now in LF: Vicente Gomillion
Batting: RHB Nobuhisa Murakami 0-0: Ball
1-0: Called Strike
1-1: Ground out 1-3 (Groundball, 15S, EV 68.8 MPH)
Batting: RHB Guillermo Coss 0-0: Ball
1-0: Called Strike
1-1: Swinging Strike
1-2: SINGLE (Groundball, 6MD, EV 110.0 MPH)
Batting: LHB Qing-nian Zexian 0-0: Ball
1-0: Called Strike
1-1: Ball
2-1: Fly out, F7 (Flyball, 7LS, EV 90.6 MPH)
Batting: RHB Jaime Soto 0-0: Ball
1-0: Foul Ball, location: 2F
1-1: Ball
2-1: Ball
3-1: Called Strike
3-2: Base on Balls
Guillermo Coss to second
Pitching: LHP Seong-hyeon Yi
Batting: LHB Jae-seop Byeon 0-0: Called Strike
0-1: Ball
1-1: 3-RUN HOME RUN (Flyball, 89XD, EV 103.8 MPH), Distance : 447 ft
Batting: RHB Ik-jun Cho 0-0: Fly out, F4 (Popup, 4, EV 63.1 MPH)
Bottom of the 8th over - 3 runs, 2 hits, 0 errors, 0 left on base; Portland 4 - St. Louis 5
TOP OF THE 9TH
Portland Evergreens batting - Pitching for St. Louis Coeur : RHP Jasper Kirby
Now in LF: Tillmam Cru
Batting: RHB Richard Jost 0-0: Ball
1-0: Foul Ball, location: 2F
1-1: Called Strike
1-2: Strikes out swinging
Batting: LHB Fernando Soto 0-0: Ground out 4-3 (Groundball, 4, EV 87.5 MPH)
Batting: RHB Kameron Guangorena 0-0: Fly out, F8 (Flyball, 89S, EV 80.6 MPH)
Top of the 9th over - 0 runs, 0 hits, 0 errors, 0 left on base; Portland 4 - St. Louis 5
Friday, March 26th, 2021 - OOTP Baseball 20.8 Build 74